TOP OF THE 1ST |
York Revolution batting - Pitching for Columbus Reds : RHP Kyle Vance
|
Pitching: RHP Kyle Vance
|
|
Batting: RHB Victor Arias
|
0-0: Called Strike 0-1: SINGLE (Flyball, 7LS, EV 96.9 MPH)
|
Batting: RHB Ivan Barrientos
|
0-0: Foul Ball, location: 2F 0-1: Ball 1-1: Foul Ball, location: 2F 1-2: Ball 2-2: Fly out, F1 (Line Drive, P, EV 65.6 MPH)
|
Batting: LHB Joel Moore
|
0-0: Called Strike Victor Arias is caught stealing 2nd base 2-6 0-1: Ball 1-1: Swinging Strike 1-2: Strikes out swinging
|
Top of the 1st over - 0 runs, 1 hit, 0 errors, 0 left on base; York 0 - Columbus 0 |
BOTTOM OF THE 1ST |
Columbus Reds batting - Pitching for York Revolution : LHP Eddie San Miguel
|
Pitching: LHP Eddie San Miguel
|
|
Batting: RHB Ben Burkholder
|
0-0: Called Strike 0-1: Ball 1-1: Called Strike 1-2: Ground out 5-3 (Groundball, 56S, EV 91.9 MPH)
|
Batting: RHB Alex de Leon
|
0-0: Foul Ball, location: 2F 0-1: Called Strike 0-2: Ball 1-2: Foul Ball, location: 2F 1-2: Foul Ball, location: 2F 1-2: Strikes out looking
|
Batting: LHB Matt Kennedy
|
0-0: Called Strike 0-1: Ball 1-1: Called Strike 1-2: Foul Ball, location: 2F 1-2: Ball 2-2: Ball 3-2: Base on Balls
|
Batting: SHB David Garnica
|
0-0: Ball 1-0: Ball 2-0: Called Strike 2-1: Ball 3-1: Called Strike 3-2: Strikes out looking
|
Bottom of the 1st over - 0 runs, 0 hits, 0 errors, 1 left on base; York 0 - Columbus 0 |
TOP OF THE 2ND |
York Revolution batting - Pitching for Columbus Reds : RHP Kyle Vance
|
Batting: SHB Brett St. Clair
|
0-0: Foul Ball, location: 2F 0-1: Ball 1-1: Ball 2-1: Fly out, F9 (Flyball, 9LM, EV 81.2 MPH)
|
Batting: RHB Frank Ramirez
|
0-0: Called Strike 0-1: Ball 1-1: Ball 2-1: Fly out, F6 (Flyball, 56D, EV 88.1 MPH)
|
Batting: RHB Guan-pei Gao
|
0-0: Ball 1-0: Foul Ball, location: 2F 1-1: Ball 2-1: Foul Ball, location: 2F 2-2: Ball 3-2: Strikes out swinging
|
Top of the 2nd over - 0 runs, 0 hits, 0 errors, 0 left on base; York 0 - Columbus 0 |
BOTTOM OF THE 2ND |
Columbus Reds batting - Pitching for York Revolution : LHP Eddie San Miguel
|
Batting: LHB Jamie Spangenberg
|
0-0: Called Strike 0-1: Swinging Strike 0-2: Strikes out looking
|
Batting: RHB Sang-ton Pak
|
0-0: Called Strike 0-1: Foul Ball, location: 2F 0-2: Strikes out swinging, 2-3 out at first.
|
Batting: RHB Juan Zamora
|
0-0: Ball 1-0: Foul Ball, location: 2F 1-1: Foul Ball, location: 2F 1-2: Strikes out swinging
|
Bottom of the 2nd over - 0 runs, 0 hits, 0 errors, 0 left on base; York 0 - Columbus 0 |
TOP OF THE 3RD |
York Revolution batting - Pitching for Columbus Reds : RHP Kyle Vance
|
Batting: SHB Dana Guthrie
|
0-0: Ball 1-0: Foul Ball, location: 2F 1-1: Ball 2-1: Ground out U3 (Groundball, 3S, EV 61.9 MPH)
|
Batting: RHB Eddie Serna
|
0-0: Called Strike 0-1: Ball 1-1: Called Strike 1-2: Ball 2-2: Fly out, F8 (Line Drive, 8RD, EV 106.9 MPH)
|
Batting: SHB Steve DeRienzo
|
0-0: Called Strike 0-1: Called Strike 0-2: Ball 1-2: Strikes out looking
|
Top of the 3rd over - 0 runs, 0 hits, 0 errors, 0 left on base; York 0 - Columbus 0 |
BOTTOM OF THE 3RD |
Columbus Reds batting - Pitching for York Revolution : LHP Eddie San Miguel
|
Batting: SHB Jaivata Mohanty
|
0-0: Ball 1-0: Ground out 5-3 (Groundball, 56S, EV 83.1 MPH)
|
Batting: SHB Cesar Pelayo
|
0-0: Ball 1-0: Called Strike 1-1: Foul Ball, location: 2F 1-2: SINGLE (Line Drive, 8LS, EV 99.4 MPH)
|
Batting: RHB Ben Burkholder
|
0-0: Ball 1-0: Fielders Choice at 2nd, 3-6 (Groundball, 34S, EV 87.5 MPH)
|
Batting: RHB Alex de Leon
|
0-0: Ball 1-0: Ball 2-0: Called Strike 2-1: Ball 3-1: SINGLE (Flyball, 3D, EV 97.5 MPH) Ben Burkholder to second Runner from 2nd tries for 3rd, SAFE, no throw by RF
|
Batting: LHB Matt Kennedy
|
0-0: Foul Ball, location: 2F 0-1: Called Strike 0-2: Ball 1-2: Fly out, F7 (Flyball, 7S, EV 89.4 MPH)
|
Bottom of the 3rd over - 0 runs, 2 hits, 0 errors, 2 left on base; York 0 - Columbus 0 |
TOP OF THE 4TH |
York Revolution batting - Pitching for Columbus Reds : RHP Kyle Vance
|
Batting: RHB Victor Arias
|
0-0: Ball 1-0: Ground out 4-3 (Groundball, 4D, EV 101.2 MPH)
|
Batting: RHB Ivan Barrientos
|
0-0: Ball 1-0: Ball 2-0: Foul Ball, location: 2F 2-1: Ball 3-1: Called Strike 3-2: Strikes out swinging
|
Batting: LHB Joel Moore
|
0-0: Fly out, F8 (Flyball, 8LM, EV 91.9 MPH)
|
Top of the 4th over - 0 runs, 0 hits, 0 errors, 0 left on base; York 0 - Columbus 0 |
BOTTOM OF THE 4TH |
Columbus Reds batting - Pitching for York Revolution : LHP Eddie San Miguel
|
Batting: SHB David Garnica
|
0-0: SINGLE (Groundball, P, EV 78.8 MPH) (infield hit)
|
Batting: LHB Jamie Spangenberg
|
0-0: Fly out, F8 (Flyball, 8LXD, EV 92.5 MPH)
|
Batting: RHB Sang-ton Pak
|
0-0: Ball 1-0: Called Strike 1-1: Ball 2-1: Fly out, F4 (Popup, 4M, EV 76.9 MPH)
|
Batting: RHB Juan Zamora
|
0-0: Called Strike 0-1: Ball 1-1: Called Strike 1-2: Foul Ball, location: 2F 1-2: Strikes out looking
|
Bottom of the 4th over - 0 runs, 1 hit, 0 errors, 1 left on base; York 0 - Columbus 0 |
TOP OF THE 5TH |
York Revolution batting - Pitching for Columbus Reds : RHP Kyle Vance
|
Batting: SHB Brett St. Clair
|
0-0: Ball 1-0: Ground out U3 (Groundball, 3L, EV 88.8 MPH)
|
Batting: RHB Frank Ramirez
|
0-0: Ball 1-0: Ground out 6-3 (Groundball, 6, EV 100.6 MPH)
|
Batting: RHB Guan-pei Gao
|
0-0: Fly out, F9 (Flyball, 9S, EV 95.0 MPH)
|
Top of the 5th over - 0 runs, 0 hits, 0 errors, 0 left on base; York 0 - Columbus 0 |
BOTTOM OF THE 5TH |
Columbus Reds batting - Pitching for York Revolution : LHP Eddie San Miguel
|
Batting: SHB Jaivata Mohanty
|
0-0: Foul Ball, location: 2F 0-1: Ball 1-1: Ground out 5-3 (Groundball, 5, EV 80.0 MPH)
|
Batting: SHB Cesar Pelayo
|
0-0: Called Strike 0-1: Ball 1-1: Fly out, F5 (Popup, 25F, EV 88.8 MPH)
|
Batting: RHB Ben Burkholder
|
0-0: Ball 1-0: SINGLE (Line Drive, 78M, EV 91.9 MPH)
|
Batting: RHB Alex de Leon
|
0-0: Called Strike Ben Burkholder steals 2nd base 0-1: Ball 1-1: Ball 2-1: Swinging Strike 2-2: Strikes out swinging
|
Bottom of the 5th over - 0 runs, 1 hit, 0 errors, 1 left on base; York 0 - Columbus 0 |
TOP OF THE 6TH |
York Revolution batting - Pitching for Columbus Reds : RHP Kyle Vance
|
Batting: SHB Dana Guthrie
|
0-0: Ball 1-0: Called Strike 1-1: Ball 2-1: Ball 3-1: Foul Ball, location: 2F 3-2: DOUBLE (Flyball, 8LXD, EV 104.4 MPH)
|
Batting: RHB Eddie Serna
|
0-0: Fly out, F7 (Flyball, 78D, EV 91.9 MPH)
|
Batting: SHB Steve DeRienzo
|
0-0: Ball 1-0: Swinging Strike 1-1: Swinging Strike 1-2: Strikes out swinging
|
Batting: RHB Victor Arias
|
0-0: Ball 1-0: Foul Ball, location: 2F 1-1: Foul Ball, location: 2F 1-2: Strikes out swinging
|
Top of the 6th over - 0 runs, 1 hit, 0 errors, 1 left on base; York 0 - Columbus 0 |
BOTTOM OF THE 6TH |
Columbus Reds batting - Pitching for York Revolution : LHP Eddie San Miguel
|
Batting: LHB Matt Kennedy
|
0-0: Ball 1-0: Ball 2-0: Foul Ball, location: 2F 2-1: Ball 3-1: Base on Balls
|
Batting: SHB David Garnica
|
0-0: Grounds into double play, 5-4-3 (Groundball, 56, EV 90.0 MPH)
|
Batting: LHB Jamie Spangenberg
|
0-0: Ball 1-0: Ball 2-0: Ball 3-0: Called Strike 3-1: Called Strike 3-2: Base on Balls
|
Batting: RHB Sang-ton Pak
|
0-0: Ball 1-0: Called Strike 1-1: Foul Ball, location: 2F 1-2: Strikes out swinging
|
Bottom of the 6th over - 0 runs, 0 hits, 0 errors, 1 left on base; York 0 - Columbus 0 |
TOP OF THE 7TH |
York Revolution batting - Pitching for Columbus Reds : RHP Kyle Vance
|
Batting: RHB Ivan Barrientos
|
0-0: Ball 1-0: Foul Ball, location: 2F 1-1: Ball 2-1: Foul Ball, location: 2F 2-2: Foul Ball, location: 2F 2-2: Foul Ball, location: 2F 2-2: Fly out, F8 (Flyball, 8RXD, EV 103.1 MPH)
|
Batting: LHB Joel Moore
|
0-0: Ball 1-0: Ball 2-0: SINGLE (Line Drive, 9LS, EV 109.4 MPH)
|
Batting: SHB Brett St. Clair
|
0-0: Ball 1-0: Called Strike 1-1: Ball 2-1: Ball 3-1: Fly out, F7 (Flyball, 7, EV 91.2 MPH)
|
Batting: RHB Frank Ramirez
|
0-0: Ball 1-0: DOUBLE (Flyball, 78XD, EV 113.8 MPH) Joel Moore to third Runner from 3rd tries for Home, SAFE, throw by CF to home
|
Batting: RHB Guan-pei Gao
|
0-0: Ball 1-0: Ball 2-0: Ball 3-0: Called Strike 3-1: Swinging Strike 3-2: Fly out, F4 (Flyball, 34D, EV 93.8 MPH)
|
Top of the 7th over - 1 run, 2 hits, 0 errors, 1 left on base; York 1 - Columbus 0 |
BOTTOM OF THE 7TH |
Columbus Reds batting - Pitching for York Revolution : LHP Eddie San Miguel
|
Pitching: RHP Victor Hurtado
|
|
Batting: RHB Juan Zamora
|
0-0: SINGLE (Groundball, 6MS, EV 66.9 MPH) (infield hit)
|
Batting: SHB Jaivata Mohanty
|
0-0: Ball 1-0: Called Strike 1-1: Called Strike 1-2: Fly out, F5 (Popup, 5F, EV 76.2 MPH)
|
Batting: SHB Cesar Pelayo
|
0-0: Ball 1-0: Called Strike 1-1: Ball Juan Zamora is caught stealing 2nd base 2-6 2-1: Foul Ball, location: 2F 2-2: Strikes out swinging
|
Bottom of the 7th over - 0 runs, 1 hit, 0 errors, 0 left on base; York 1 - Columbus 0 |
TOP OF THE 8TH |
York Revolution batting - Pitching for Columbus Reds : RHP Kyle Vance
|
Batting: SHB Dana Guthrie
|
0-0: Foul Ball, location: 2F 0-1: DOUBLE (Line Drive, 89D, EV 98.8 MPH)
|
Batting: RHB Eddie Serna
|
0-0: Fly out, F8 (Flyball, 78M, EV 85.6 MPH)
|
Batting: SHB Steve DeRienzo
|
0-0: Ball 1-0: SINGLE (Groundball, 34D, EV 94.4 MPH) Dana Guthrie to third
|
Batting: RHB Victor Arias
|
0-0: Ball 1-0: Called Strike Steve DeRienzo steals 2nd base 1-1: Intentional Walk
|
Batting: RHB Ivan Barrientos
|
0-0: Foul Ball, location: 2F 0-1: Ball 1-1: Swinging Strike 1-2: Strikes out looking
|
Batting: LHB Joel Moore
|
0-0: Called Strike 0-1: Foul Ball, location: 2F 0-2: Ball 1-2: Fly out, F8 (Flyball, 8LXD, EV 101.2 MPH)
|
Top of the 8th over - 0 runs, 2 hits, 0 errors, 3 left on base; York 1 - Columbus 0 |
BOTTOM OF THE 8TH |
Columbus Reds batting - Pitching for York Revolution : RHP Victor Hurtado
|
Batting: RHB Ben Burkholder
|
0-0: Ball 1-0: SINGLE (Line Drive, 34D, EV 100.6 MPH)
|
Batting: RHB Alex de Leon
|
0-0: Sac Bunt to 23 - play at first, batter OUT! 3-4 Ben Burkholder to second
|
Batting: LHB Matt Kennedy
|
0-0: Ball 1-0: Foul Ball, location: 2F 1-1: Ball 2-1: Foul Ball, location: 2F 2-2: Ball 3-2: Ground out 4-3 (Groundball, 34D, EV 101.9 MPH) Ben Burkholder to third
|
Batting: SHB David Garnica
|
0-0: Foul Ball, location: 2F 0-1: Ground out 4-3 (Groundball, 4, EV 82.5 MPH)
|
Bottom of the 8th over - 0 runs, 1 hit, 0 errors, 1 left on base; York 1 - Columbus 0 |
TOP OF THE 9TH |
York Revolution batting - Pitching for Columbus Reds : RHP Kyle Vance
|
Batting: SHB Brett St. Clair
|
0-0: Ball 1-0: SINGLE (Flyball, 8LS, EV 89.4 MPH)
|
Batting: RHB Frank Ramirez
|
0-0: Ball 1-0: Ball 2-0: Ball 3-0: SINGLE (Groundball, 56, EV 110.6 MPH) (infield hit) Brett St. Clair to second
|
Batting: RHB Guan-pei Gao
|
0-0: Ball 1-0: SINGLE (Line Drive, 8RS, EV 90.6 MPH) Brett St. Clair to third Frank Ramirez to second
|
Batting: SHB Dana Guthrie
|
0-0: Called Strike 0-1: SINGLE (Groundball, 34D, EV 93.8 MPH) Brett St. Clair scores Frank Ramirez to third Guan-pei Gao to second Runner from 3rd tries for Home, SAFE, throw by RF to home
|
Batting: RHB Eddie Serna
|
0-0: Called Strike 0-1: Foul Ball, location: 2F 0-2: Ball 1-2: Foul Ball, location: 2F 1-2: Fly out, F8 (Flyball, 8RM, EV 88.8 MPH)
|
Batting: SHB Steve DeRienzo
|
0-0: Foul Ball, location: 2F 0-1: Foul Ball, location: 2F 0-2: Foul Ball, location: 2F 0-2: Ball 1-2: Ball 2-2: Ball 3-2: Base on Balls Guan-pei Gao to third Dana Guthrie to second
|
Batting: RHB Victor Arias
|
0-0: Ball 1-0: Ball 2-0: Swinging Strike 2-1: Foul Ball, location: 2F 2-2: Strikes out swinging
|
Batting: RHB Ivan Barrientos
|
0-0: Ball 1-0: Ball 2-0: Called Strike 2-1: Foul Ball, location: 2F 2-2: Strikes out swinging
|
Top of the 9th over - 2 runs, 4 hits, 0 errors, 3 left on base; York 3 - Columbus 0 |
BOTTOM OF THE 9TH |
Columbus Reds batting - Pitching for York Revolution : RHP Victor Hurtado
|
Pitching: RHP Manny Cordova
|
|
Batting: LHB Jamie Spangenberg
|
0-0: Ball 1-0: Called Strike 1-1: Foul Ball, location: 2F 1-2: Strikes out looking
|
Batting: RHB Sang-ton Pak
|
0-0: Ball 1-0: Called Strike 1-1: SINGLE (Groundball, 4M, EV 97.5 MPH)
|
Batting: RHB Juan Zamora
|
0-0: Ball 1-0: Ball 2-0: Called Strike 2-1: Foul Ball, location: 2F 2-2: Fly out, F9 (Line Drive, 9, EV 86.9 MPH)
|
Batting: SHB Jaivata Mohanty
|
0-0: Fielders Choice at 2nd, 6-4 (Groundball, 6, EV 85.6 MPH)
|
Bottom of the 9th over - 0 runs, 1 hit, 0 errors, 1 left on base; York 3 - Columbus 0 |
|